 Dungeon Crawl Stone Soup version 0.21.1-1-g345015f (webtiles) character file.

21 Iko the Conjurer (level 2, 0/17 HPs)
             Began as an Octopode Conjurer on May 13, 2018.
             Slain by Natasha (4 damage)
             ... on level 2 of the Dungeon.
             The game lasted 00:06:35 (440 turns).

Iko the Conjurer (Octopode Conjurer)                 Turns: 440, Time: 00:06:35

Health: 0/17       AC:  1    Str:  7    XL:     2   Next: 83%
Magic:  4/5        EV: 13    Int: 17    God:
Gold:   57         SH:  0    Dex: 12    Spells: 2/5 levels left

rFire    . . .     SeeInvis .   e - +1 hand axe (chop)
rCold    . . .     Gourm    .   (no shield)
rNeg     . . .     Faith    .   (helmet restricted)
rPois    .         Spirit   .   f - amulet of regeneration
rElec    .         Reflect  .   (no ring)
rCorr    .         Harm     .   (no ring)
MR       .....                  (no ring)
Stlth    +++.......             (no ring)
HPRegen  0.45/turn              (no ring)
MPRegen  0.09/turn              (no ring)
                                (no ring)
                                (no ring)

@: no status effects
A: almost no armour, stealthy swim, amphibious, 8 rings, constrict 8, camouflage
1, gelatinous body 1
a: no special abilities


You were on level 2 of the Dungeon.
You were not hungry.

You visited 1 branch of the dungeon, and saw 2 of its levels.

You collected 57 gold pieces.

Inventory:

Hand Weapons
 e - a +1 hand axe of chopping (weapon)
Jewellery
 f - an amulet of regeneration (around mantle)
Books
 a - a book of Conjurations

   Spells                             Type                      Level
   a - Magic Dart                     Conjuration                  1
   b - Searing Ray                    Conjuration                  2
   c - Dazzling Spray                 Conjuration/Hexes            3
   d - Fulminant Prism                Conjuration/Hexes            4
   e - Force Lance                    Conjuration/Translocation    4
   f - Iskenderun's Mystic Blast      Conjuration                  4
 d - a book of Minor Magic

   Spells                             Type                      Level
   a - Magic Dart                     Conjuration                  1
   b - Blink                          Translocation                2
   c - Call Imp                       Summoning                    2
   d - Slow                           Hexes                        2
   e - Conjure Flame                  Conjuration/Fire             3
   f - Mephitic Cloud                 Conjuration/Poison/Air       3
Comestibles
 b - a ration


   Skills:
 + Level 2.2 Dodging
 + Level 2.9 Stealth
 + Level 2.1 Spellcasting
 + Level 4.5 Conjurations


You had 2 spell levels left.
You knew the following spells:

 Your Spells              Type           Power        Failure   Level  Hunger
a - Magic Dart            Conj           ###.         3%          1    #......
b - Call Imp              Summ           #.......     28%         2    ###....


Dungeon Overview and Level Annotations

Branches:
Dungeon (2/15)

Altars:

Annotations:
D:2 Natasha


Innate Abilities, Weirdness & Mutations

You cannot wear most types of armour.
You are very stealthy in the water. (Stealth+)
You are amphibious.
You can wear up to eight rings at the same time.
You can use your tentacles to constrict eight enemies at once.
Your skin changes colour to match your surroundings (Stealth+).
Your rubbery body absorbs attacks. (AC +1, EV +1)


Message History

Natasha mumbles some strange words.
Natasha claws you! The kobold misses you.
You release your grip on Natasha.
Natasha mewls in sadness.
Natasha casts a spell at you. The magic dart hits you!
Ouch! That really hurt!
* * * LOW HITPOINT WARNING * * *
The crimson imp barely misses you.
You see here a stone.
The kobold misses you.
You hit the crimson imp but do no damage.
Your grab misses the crimson imp.
The crimson imp disappears for a moment.
The crimson imp blinks!
You closely miss Natasha. You grab Natasha.
Natasha is moderately wounded.
You constrict Natasha, but do no damage.
Natasha claws you.
You die...

### ## #.####. #...... ###
#.####. #.# #.# #.
#.#######################.# #.
#.......†.................# #.
#.############################.
#.# #>....Kh@................
#)# #.####†################..
#.# #............# #.. ###.#
#.......l..).# ##. #...#
#.............# #. #.#.#
#.............# #. #.#.#
#..>..........# ..
#.######.............# ..
#......#.....!.......#


You could see Natasha and a kobold.

Vanquished Creatures
  A dart slug (D:1)
  2 giant cockroaches
  A goblin (D:2)
  4 hobgoblins (D:2)
  3 kobolds
  A ball python (D:1)
  A bat (D:2)
  A frilled lizard (D:2)
  4 rats
18 creatures vanquished.

Notes
Turn   | Place    | Note
-------+----------+-------------------------------------------
     0 | D:1      | Iko the Octopode Conjurer began the quest for the Orb.
     0 | D:1      | Reached XP level 1. HP: 11/11 MP: 3/3
   164 | D:1      | Reached XP level 2. HP: 12/17 MP: 0/5
   354 | D:2      | Learned a level 2 spell: Call Imp
   430 | D:2      | Noticed Natasha
   436 | D:2      | Noticed a crimson imp
   440 | D:2      | Slain by Natasha

Action                   || total
-------------------------++-------
Melee: Dagger            ||    14
       Constrict         ||     7
       Tentacles         ||     5
       Unarmed           ||     1
       Hand axe          ||     4
 Cast: Magic Dart        ||    23
  Use: Potion            ||     2
       Scroll            ||     2
 Stab: Sleeping          ||     1
Dodge: Dodged            ||    11
